 Dungeon Crawl Stone Soup version 0.25-a0-86-ga6f17ae7d4 (webtiles) character file.

Game seed: 17614411952774950621, levelgen mode: deterministic

78129 wheelchairmushroom the Warrior (level 15, -1/174 HPs)
             Began as an Octopode Chaos Knight on Nov 9, 2019.
             Was a High Priest of Okawaru.
             Slain by an ogre mage
             ... wielding a +0 spear
              (5 damage)
             ... on level 15 of the Dungeon.
             The game lasted 00:55:42 (28992 turns).

wheelchairmushroom the Warrior (OpCK)              Turns: 28992, Time: 00:55:42

Health: -1/174     AC:  3    Str: 23      XL:     15   Next: 59%
Magic:  0/21       EV: 18    Int: 31 (32) God:    Okawaru [*****.]
Gold:   1016       SH: 20    Dex: 16 (18) Spells: 15/22 levels left

rFire    + . .     SeeInvis +   c - +1 morningstar (drain)
rCold    + + .     Gourm    .   s - +3 large shield of the Equinox {rElec MR+ rCorr Int-3}
rNeg     . . .     Faith    .   y - +2 hat {Int+3}
rPois    .         Spirit   +   F - amulet of guardian spirit
rElec    +         Reflect  .   n - +3 ring of intelligence
rCorr    +         Harm     .   K - ring of protection from magic
MR       ++++.                  R - ring of protection from magic
Stlth    ..........             S - +5 ring of intelligence
HPRegen  0.39/turn              u - ring "Fuogeh" {rF+ rC+ Dex+4}
MPRegen  0.17/turn              d - ring of see invisible
                                h - ring of Innoxihe {rC+ Str+2 Int+5}
                                w - +5 ring of intelligence

@: berserking (expiring), very quick
A: almost no armour, stealthy swim, amphibious, 8 rings, constrict 8, camouflage
1, blurry vision 1, deterioration 2, screaming 1, gelatinous body 1
a: Heroism, Finesse, Renounce Religion


You were on level 15 of the Dungeon.
You worshipped Okawaru.
Okawaru was extremely pleased with you.
You were near starving.

You visited 3 branches of the dungeon, and saw 22 of its levels.
You also visited: Gauntlet.

You collected 1828 gold pieces.
You spent 812 gold pieces at shops.

Inventory:

Hand Weapons
 c - a +1 morningstar of draining (weapon)
 x - a +4 flail of protection
Missiles
 l - 14 silver javelins
 t - 11 atropa-tipped darts
 z - 4 throwing nets {!f}
 U - 27 javelins (quivered)
 Y - 2 curare-tipped darts
Armour
 s - the +3 large shield of the Equinox (worn) {rElec MR+ rCorr Int-3}
   (Okawaru gifted it to you on level 12 of the Dungeon)

   It affects your intelligence (-3).
   It insulates you from electricity.
   It affects your resistance to hostile enchantments.
   It provides partial protection from all sources of acid and corrosion.
 y - a +2 hat of intelligence (worn)
Jewellery
 d - a ring of see invisible (on tentacle)
 h - the ring of Innoxihe (on tentacle) {rC+ Str+2 Int+5}
   (You found it on level 3 of the Lair of Beasts)

   [ring of protection from cold]

   It affects your strength (+2).
   It affects your intelligence (+5).
   It protects you from cold.
 n - a +3 ring of intelligence (left tentacle)
 u - the ring "Fuogeh" (on tentacle) {rF+ rC+ Dex+4}
   (You found it in a Gauntlet)

   [ring of protection from fire]

   It affects your dexterity (+4).
   It protects you from fire.
   It protects you from cold.
 w - a +5 ring of intelligence (on tentacle)
 A - an uncursed amulet of the acrobat {unknown}
 E - an uncursed amulet of regeneration
 F - an amulet of guardian spirit (around mantle)
 J - an uncursed ring of resist corrosion {unknown}
 K - a ring of protection from magic (right tentacle)
 R - a ring of protection from magic (on tentacle)
 S - a +5 ring of intelligence (on tentacle)
 W - a cursed amulet of inaccuracy {unknown}
Wands
 a - a wand of iceblast (14)
 g - a wand of disintegration (3)
 q - a wand of clouds (11)
 L - a wand of polymorph (5)
 V - a wand of enslavement (7)
 Z - a wand of digging (6)
Scrolls
 b - a scroll of brand weapon
 e - a scroll of enchant armour
 i - 7 scrolls of teleportation {@r3}
 k - 3 scrolls of fog
 p - 7 scrolls of remove curse {@r2}
 C - a scroll of acquirement {unknown}
 D - 2 scrolls of holy word
 I - 3 scrolls of magic mapping
 Q - a scroll of enchant weapon
Potions
 f - 2 potions of might
 j - 6 potions of curing {@q1}
 m - 3 potions of berserk rage
 o - a potion of magic {unknown}
 r - 6 potions of brilliance
 B - 5 potions of invisibility {unknown}
 G - 3 potions of resistance
 H - a potion of lignification
 M - 2 potions of mutation {unknown}
 N - 2 potions of agility
 P - a potion of cancellation {unknown}
 X - a potion of heal wounds
Miscellaneous
 O - a phial of floods
 T - a box of beasts
Comestibles
 v - 39 rations


   Skills:
 * Level 15.1 Fighting
   Level 3.0 Short Blades
 - Level 10.0 Maces & Flails
 * Level 10.9 Throwing
 - Level 11.0 Dodging
 + Level 8.2 Shields
 - Level 4.0 Spellcasting
 - Level 1.1 Conjurations
 - Level 4.1 Hexes
 - Level 3.0 Air Magic
 - Level 2.0 Poison Magic
 - Level 7.0 Invocations
 - Level 6.0 Evocations


You had 15 spell levels left.
You knew the following spells:

 Your Spells              Type           Power        Failure   Level  Hunger
a - Mephitic Cloud        Conj/Pois/Air  ###.....     56%         3    ##.....
b - Confusing Touch       Hex            ####..       10%         1    None
c - Confuse               Hex            ####....     28%         3    ##.....

Your spell library contained the following spells:

 Spells                   Type           Power        Failure   Level  Hunger
 Poisonous Vapours        Pois/Air       ###...       28%         2    None
 Beastly Appendage        Tmut           #.....       45%         1    None
 Freeze                   Ice            #...         45%         1    None
 Throw Frost              Conj/Ice       #.....       54%         2    None
 Sticks to Snakes         Tmut           #.......     61%         2    None
 Spider Form              Tmut/Pois      ##........   71%         3    ##.....
 Conjure Flame            Conj/Fire      #.......     77%         3    ##.....
 Gell's Gravitas          Tloc           #.........   83%         3    ##.....
 Ozocubu's Armour         Chrm/Ice       #.......     83%         3    ##.....
 Ice Form                 Ice/Tmut       #.......     99%         4    ####...
 Petrify                  Tmut/Erth      #.......     99%         4    ####...
 Summon Ice Beast         Ice/Summ       #.......     99%         4    ####...
 Throw Icicle             Conj/Ice       #.......     99%         4    ####...
 Metabolic Englaciation   Hex/Ice        ###.......   99%         5    #####..
 Yara's Violent Unravell  Hex/Tmut       ###.......   99%         5    #####..
 Blade Hands              Tmut           #.........   100%        5    #####..
 Freezing Cloud           Conj/Ice/Air   ##........   100%        6    #######
 Ring of Flames           Chrm/Fire      #.........   100%        7    #######


Dungeon Overview and Level Annotations

Branches:
Dungeon (15/15)            Temple (1/1) D:4            Lair (6/6) D:11
  Swamp (0/4) Lair:3        Snake (0/4) Lair:2        Slime (0/5) Lair:6
    Orc (0/2) D:11         Vaults (0/5) D:14         Depths (0/5) D:15
Gauntlet (visited)

Altars:
Fedhas
Gozag
Okawaru
Ru
Xom
Jiyva

Shops:
D:9 *   D:10 }

Annotations:
D:8 1 exclusion
Lair:2 exclusion: oklob plant
Lair:4 exclusion: 3 oklob plants


Innate Abilities, Weirdness & Mutations

You cannot wear most types of armour.
You are very stealthy in the water. (Stealth+)
You are amphibious.
You can wear up to eight rings at the same time.
You can use your tentacles to constrict eight enemies at once.
Your skin changes colour to match your surroundings (Stealth+).
Your rubbery body absorbs attacks. (AC +1, EV +1)
Scrolls take you a little longer to read.
Your body often deteriorates upon taking damage.
You occasionally shout uncontrollably at your foes.


Message History

The ogre mage hits you from afar with a +0 spear!
* * * LOW HITPOINT WARNING * * *
The ogre mage hits you from afar with a +0 spear!
* * * LOW HITPOINT WARNING * * *
You bludgeon the ogre!! You drain the ogre!
You kill the ogre!
Okawaru accepts your kill. You block the ogre mage's attack.
You are too berserk!
Unknown command.
You block the ogre's attack.
The ogre mage hits you but does no damage.
There is an open door, spattered with blood here.
Things that are here:
a +0 giant club; a +0 giant spiked club; a +0 giant club You closely miss the ogre mage.
You squeeze the ogre mage.
You feel yourself speed up. You block the ogre's attack.
You block the ogre mage's attack.
You bludgeon the ogre mage!! The ogre mage hits you with a +0 spear.
You die...

..[#.)#...#..#.#####.............
...#..#.>.#..#.#...#.........####
...#..#...#..#.#...#.#######.#
...#..##)##..#.#...#.# .#
...##.......##.#...#.# .#
....##.....##..#...#.# .+
.....#######...#...#.#
...............#)..#.####
...............#@###.....
######..........OO....... #
#................... #
#..........######### #
############


You could see an ogre mage (invisible) and an ogre.

Vanquished Creatures
  Rupert (D:14)
  Gastronok (Lair:2)
  Azrael (D:14)
  A minotaur (Gauntlet)
  An ogre mage (D:12)
  Snorg (D:12)
  Erolcha (D:12)
  Harold (D:8)
  2 hydras
  5 centaur warriors
  Erica (D:11)
  7 two-headed ogres
  3 death yaks
  3 tengu warriors (D:14)
  A hell hog (Gauntlet)
  2 unseen horrors
  5 wizards
  2 necromancers
  An orange crystal statue (D:15)
  An obsidian statue (D:15)
  An orc knight (D:15)
  16 ugly things
  4 lindwurms (Lair:3)
  An orc sorcerer (D:15)
  3 deep elf magi (D:12)
  A manticore (D:14)
  Maurice (D:8)
  Joseph (Lair:1)
  3 cyclopes
  2 black mambas
  An elephant (Lair:6)
  A naga mage (D:15)
  A torpor snail (Lair:3)
  2 kobold demonologists
  10 spiny frogs
  A freezing wraith (D:15)
  4 rime drakes
  2 komodo dragons
  8 polar bears (Lair:6)
  A wolf spider simulacrum (D:15)
  5 trolls
  Grinder (D:4)
  8 blink frogs
  Prince Ribbit (D:8)
  8 hornets
  2 dream sheep (Lair:6)
  A harpy skeleton (D:13)
  5 hippogriffs
  A vampire (D:12)
  A centaur simulacrum (D:15)
  16 yaks
  15 spriggans (Lair:6)
  A shadow (D:15)
  3 wyverns
  3 fire elementals (D:14)
  4 fire bats (Gauntlet)
  4 basilisks
  4 hungry ghosts
  4 swamp worms (Lair:3)
  4 wargs (D:13)
  A soldier ant (D:8)
  An acid dragon (D:11)
  7 hell hounds
  2 ice beasts
  6 water moccasins
  11 orc warriors
  7 porcupines
  A black bear (shapeshifter) (D:14)
  3 black bears
  2 eyes of draining
  5 sky beasts
  5 ogres
  3 boggarts (Lair:6)
  4 phantoms
  30 wolves
  15 centaurs
  12 crocodiles
  3 big kobolds
  12 bullfrogs
  2 troll zombies (D:11)
  2 scorpions
  13 killer bees
  7 wights (D:10)
  2 howler monkeys
  3 electric eels
  11 crimson imps
  2 bullfrog zombies (D:6)
  3 jellies
  3 centaur zombies
  3 hounds
  6 orc priests
  3 bullfrog skeletons
  5 centaur skeletons
  4 iguanas
  Natasha (thrice) (D:2)
  18 orc wizards
  9 worker ants
  A killer bee zombie (D:7)
  4 ogre zombies (D:11)
  2 hound skeletons
  2 worker ant zombies
  A howler monkey zombie (D:8)
  12 gnolls
  14 adders
  4 shadow imps
  An ooze (D:1)
  An adder zombie (D:6)
  3 worms
  A dart slug (D:1)
  7 leopard geckos
  48 orcs
  A ball python (D:5)
  6 giant cockroaches
  7 hobgoblins
  A quokka (D:7)
  10 bats
  10 frilled lizards
  6 goblins
  A goblin skeleton (D:11)
  3 goblin zombies (D:11)
  A hobgoblin skeleton (D:11)
  3 hobgoblin zombies (D:11)
  A jackal skeleton (D:4)
  25 kobolds
  A leopard gecko zombie (D:8)
  3 orc skeletons (D:11)
  8 orc zombies (D:11)
  11 rats
  A plant (Lair:4)
625 creatures vanquished.

Vanquished Creatures (others)
  A slime creature (Gauntlet)
  A hippogriff (D:14)
  A bush (Lair:4)
  6 fungi
  10 plants
19 creatures vanquished.

Grand Total: 644 creatures vanquished

Notes
Turn   | Place    | Note
-------+----------+-------------------------------------------
     0 | D:1      | wheelchairmushroom the Octopode Chaos Knight began the
                  | quest for the Orb.
     0 | D:1      | Reached XP level 1. HP: 16/16 MP: 1/1
    59 | D:1      | XOM: potion effect (might)
   125 | D:1      | Reached XP level 2. HP: 21/21 MP: 2/2
   140 | D:1      | XOM: harmless Conj miscast
   145 | D:1      | XOM: silly message
   147 | D:1      | XOM: butterfly on damage
   372 | D:1      | XOM: divination: magic mapping
   525 | D:1      | Reached XP level 3. HP: 27/27 MP: 3/3
   712 | D:1      | Reached skill level 4 in Fighting
  1192 | D:2      | Noticed Natasha
  1203 | D:2      | Killed Natasha
  1203 | D:2      | Reached XP level 4. HP: 13/34 MP: 4/4
  1240 | D:2      | Noticed Natasha
  1241 | D:2      | Found a shimmering altar of Xom.
  1452 | D:2      | XOM: mild Tloc miscast
  1461 | D:2      | XOM: noise
  1561 | D:2      | XOM: mild Fire miscast
  1693 | D:2      | XOM: harmless Conj miscast
  1815 | D:2      | XOM: mild Necr miscast
  2052 | D:2      | XOM: potion effect (agility)
  2054 | D:2      | Killed Natasha
  2054 | D:2      | Reached skill level 5 in Fighting
  2054 | D:2      | Reached XP level 5. HP: 14/38 MP: 5/5
  2169 | D:2      | XOM: divination: detect items
  2397 | D:2      | Found a shimmering altar of Xom.
  2540 | D:2      | Noticed Natasha
  2545 | D:2      | Killed Natasha
  2697 | D:3      | XOM is BORED!
  2697 | D:3      | XOM: medium Hex miscast
  2805 | D:3      | XOM: harmless Hex miscast
  2966 | D:3      | XOM: 2-stop teleportation journey
  3080 | D:3      | Reached XP level 6. HP: 12/44 MP: 6/6
  3349 | D:3      | XOM: silly message
  3594 | D:4      | Found a staircase to the Ecumenical Temple.
  3606 | Temple   | Entered the Ecumenical Temple
  3623 | Temple   | Fell from the grace of Xom
  3623 | Temple   | Became a worshipper of Warmaster Okawaru
  3870 | D:4      | XOM: give mutations
  3870 | D:4      | Gained mutation: You are weak. (Str -2) [Xom's mischief]
  3870 | D:4      | Lost mutation: You are weak. (Str -2) [Xom's mischief]
  3870 | D:4      | Gained mutation: You are frail. (-10% HP) [Xom's mischief]
  3870 | D:4      | Gained mutation: You occasionally shout uncontrollably at
                  | your foes. [Xom's mischief]
  4113 | D:4      | Noticed Grinder
  4130 | D:4      | Reached skill level 1 in Maces & Flails
  4132 | D:4      | Reached skill level 1 in Invocations
  4142 | D:4      | Reached skill level 6 in Fighting
  4163 | D:4      | Killed Grinder
  4163 | D:4      | Reached XP level 7. HP: 33/46 MP: 6/8
  4298 | D:5      | Entered Level 5 of the Dungeon
  4382 | D:5      | Reached * piety under Okawaru
  4397 | D:5      | XOM: 1-stop teleportation journey
  4646 | D:5      | Reached skill level 5 in Dodging
  4646 | D:5      | Reached XP level 8. HP: 38/52 MP: 6/10
  4793 | D:5      | XOM: torment (27/52 hp)
  4838 | D:5      | XOM: noise
  5757 | D:6      | XOM: give mutations
  5757 | D:6      | Lost mutation: You are frail. (-10% HP) [Xom's mischief]
  5757 | D:6      | Gained mutation: Scrolls take you a little longer to read.
                  | [Xom's mischief]
  5757 | D:6      | Gained mutation: Your body sometimes deteriorates upon
                  | taking damage. [Xom's mischief]
  6296 | D:7      | XOM: 6-stop teleportation journey
  6376 | D:7      | XOM: polymorph leopard gecko -> goblin
  6432 | D:7      | Reached skill level 5 in Maces & Flails
  6434 | D:7      | Reached skill level 7 in Fighting
  6947 | D:8      | Reached XP level 9. HP: 61/64 MP: 10/12
  6969 | D:8      | XOM: cleaving
  6978 | D:8      | Reached ** piety under Okawaru
  7073 | D:8      | XOM: draining
  7096 | D:8      | Noticed Maurice
  7102 | D:8      | Killed Maurice
  7102 | D:8      | Reached skill level 5 in Invocations
  7261 | D:8      | Reached skill level 8 in Fighting
  7268 | D:8      | Reached *** piety under Okawaru
  7275 | D:8      | XOM: medium Hex miscast
  7530 | D:8      | Noticed a hornet
  7530 | D:8      | Noticed a hornet
  7801 | D:9      | Reached XP level 10. HP: 73/73 MP: 10/13
  8234 | D:9      | Found Elium's General Store.
  8237 | D:9      | Bought a potion of heal wounds for 70 gold pieces
  8237 | D:9      | Bought a scroll of immolation for 49 gold pieces
  8237 | D:9      | Bought a scroll of identify for 28 gold pieces
  8237 | D:9      | Bought a potion of heal wounds for 70 gold pieces
  8237 | D:9      | Bought a scroll of enchant weapon for 105 gold pieces
  8237 | D:9      | Bought a potion of haste for 140 gold pieces
  8237 | D:9      | Bought a scroll of noise for 14 gold pieces
  8520 | D:9      | XOM: medium Necr miscast
  8846 | D:10     | Entered Level 10 of the Dungeon
  8912 | D:10     | XOM: harmless Ice miscast
  8941 | D:10     | Reached **** piety under Okawaru
  8968 | D:10     | Noticed a centaur warrior
  8975 | D:10     | Noticed a cyclops
  8986 | D:10     | Killed a centaur warrior
  8986 | D:10     | Reached skill level 9 in Fighting
  8999 | D:10     | Killed a cyclops
  9327 | D:10     | XOM: mild Air miscast
  9413 | D:10     | Reached skill level 1 in Evocations
  9435 | D:10     | Reached ***** piety under Okawaru
  9538 | D:10     | Reached XP level 11. HP: 75/80 MP: 14/14
  9622 | D:10     | Found Uzeoph's Gadget Shop.
  9626 | D:10     | XOM: scenery: 3 doors open, 1 doors close
  9634 | D:10     | Bought a wand of disintegration (11) for 210 gold pieces
  9672 | D:10     | XOM: mild Ice miscast
 10118 | D:11     | XOM: medium Tloc miscast
 10174 | D:11     | XOM: scenery: create altars
 10184 | D:11     | Noticed Sonja
 10185 | D:11     | Noticed Sonja
 10185 | D:11     | Sonja changed into Sonja the acid dragon
 10189 | D:11     | Killed Sonja the acid dragon
 10364 | D:11     | Noticed Erica
 10409 | D:11     | XOM: god gift: 23 gold pieces
 10431 | D:11     | Killed Erica
 10464 | D:11     | Found a staircase to the Orcish Mines.
 10591 | D:11     | Noticed a death yak
 10591 | D:11     | Noticed a death yak
 10593 | D:11     | Noticed a death yak
 10648 | D:10     | Killed a death yak
 10688 | D:11     | Killed a death yak
 10688 | D:11     | Received a gift from Okawaru
 10688 | D:11     | Reached skill level 10 in Dodging
 10887 | D:11     | Found a staircase to the Lair.
 11369 | D:11     | Found a staircase to the Lair.
 11418 | D:11     | Reached skill level 10 in Maces & Flails
 11451 | D:11     | Killed a death yak
 11460 | D:11     | Found a staircase to the Orcish Mines.
 11498 | D:11     | Reached skill level 10 in Fighting
 11551 | D:11     | XOM: mild Necr miscast
 11577 | D:11     | Found a shimmering altar of Xom.
 12280 | D:10     | Bought a wand of enslavement (7) for 126 gold pieces
 12333 | D:12     | Noticed Erolcha
 12333 | D:12     | Noticed a two-headed ogre
 12376 | Lair:1   | Entered Level 1 of the Lair of Beasts
 12844 | Lair:1   | Noticed Joseph
 12868 | Lair:1   | Killed Joseph
 12868 | Lair:1   | Received a gift from Okawaru
 13100 | Lair:1   | XOM: mild Pois miscast
 13129 | Lair:1   | XOM: mild Tmut miscast
 13353 | Lair:2   | XOM: medium Summ miscast
 13358 | Lair:2   | You fall into a shaft and drop 2 floors!
 13407 | Lair:4   | Noticed an oklob plant
 13409 | Lair:4   | Noticed an oklob plant
 13458 | Lair:4   | Reached skill level 1 in Throwing
 13458 | Lair:4   | Reached XP level 12. HP: 87/87 MP: 12/15
 13477 | Lair:4   | Found a gate leading to a gauntlet.
 13486 | Lair:4   | Was forgiven by Xom
 13490 | Gauntlet | Entered a Gauntlet
 13490 | Gauntlet | Found a transporter.
 13494 | Gauntlet | Found a transporter.
 13513 | Gauntlet | Found a transporter.
 13514 | Gauntlet | Found a transporter.
 13526 | Gauntlet | Found a transporter.
 13544 | Gauntlet | Found a transporter.
 13547 | Gauntlet | Found a transporter.
 13551 | Gauntlet | Found a transporter.
 13552 | Gauntlet | Noticed a blizzard demon
 13574 | Gauntlet | Found a transporter.
 13574 | Gauntlet | Noticed a hell hog
 13582 | Gauntlet | Found a transporter.
 13582 | Gauntlet | Found a transporter.
 13585 | Gauntlet | Noticed a death ooze
 13590 | Gauntlet | Found a transporter.
 13858 | Gauntlet | Reached skill level 5 in Evocations
 13874 | Gauntlet | Killed a hell hog
 13874 | Gauntlet | Received a gift from Okawaru
 13901 | Gauntlet | Got a flickering turquoise ring
 13905 | Gauntlet | Identified the ring "Fuogeh" {rF+ rC+ Dex+4} (You found it
                  | in a Gauntlet)
 13963 | Gauntlet | Noticed a minotaur
 13989 | Gauntlet | Killed a minotaur
 14460 | Lair:4   | Learned a level 3 spell: Mephitic Cloud
 15039 | Lair:3   | Reached skill level 1 in Shields
 15339 | Lair:3   | Found a staircase to the Swamp.
 15589 | Lair:3   | Reached skill level 11 in Fighting
 15817 | Lair:3   | Reached skill level 5 in Throwing
 15892 | Lair:3   | Received a gift from Okawaru
 16017 | Lair:3   | Got a pitted iron ring
 16024 | Lair:3   | Identified the ring of Innoxihe {rC+ Str+2 Int+5} (You
                  | found it on level 3 of the Lair of Beasts)
 17245 | Lair:5   | Received a gift from Okawaru
 17490 | Lair:5   | Reached XP level 13. HP: 95/95 MP: 17/17
 17918 | Lair:5   | Learned a level 1 spell: Confusing Touch
 17944 | Lair:6   | Entered Level 6 of the Lair of Beasts
 17944 | Lair:6   | Found a staircase to the Slime Pits.
 17950 | Lair:6   | Found a viscous altar of Jiyva.
 17978 | Lair:6   | Reached skill level 1 in Hexes
 17981 | Lair:6   | Received a gift from Okawaru
 17981 | Lair:6   | Reached skill level 1 in Spellcasting
 18090 | Lair:6   | Received a gift from Okawaru
 18495 | Lair:6   | Reached skill level 12 in Fighting
 18510 | Lair:6   | Received a gift from Okawaru
 18992 | Lair:6   | Received a gift from Okawaru
 20557 | Lair:2   | Found a staircase to the Snake Pit.
 20657 | Lair:2   | Found a blossoming altar of Fedhas.
 20657 | Lair:2   | Noticed Gastronok
 20681 | Lair:2   | Killed Gastronok
 20681 | Lair:2   | Reached skill level 5 in Shields
 21504 | D:8      | Noticed Harold
 21513 | D:8      | Killed Harold
 21513 | D:8      | Reached XP level 14. HP: 94/104 MP: 17/20
 21571 | D:8      | Noticed Prince Ribbit
 21579 | D:8      | Killed Prince Ribbit
 21579 | D:8      | Reached skill level 13 in Fighting
 21751 | D:8      | Reached skill level 1 in Air Magic
 21830 | D:8      | Reached skill level 1 in Poison Magic
 22037 | D:11     | Learned a level 3 spell: Confuse
 22141 | D:12     | Killed Erolcha
 22141 | D:12     | Reached skill level 1 in Conjurations
 22462 | D:12     | Received a gift from Okawaru
 22637 | D:12     | Received a gift from Okawaru
 22759 | D:12     | Got a warped large shield {god gift}
 23070 | D:12     | Noticed Snorg
 23079 | D:12     | Killed Snorg
 23303 | D:12     | Found the +12 glaive of Prune {chop}
 23406 | D:12     | Identified the +3 large shield of the Equinox {rElec MR+
                  | rCorr Int-3} (Okawaru gifted it to you on level 12 of the
                  | Dungeon)
 24693 | D:13     | You fall into a shaft and drop 2 floors!
 24693 | D:15     | Entered Level 15 of the Dungeon
 24812 | D:14     | Noticed Rupert
 24826 | D:14     | Killed Rupert
 25401 | D:14     | Reached skill level 14 in Fighting
 25761 | D:14     | Noticed Azrael
 25791 | D:14     | Killed Azrael
 25814 | D:14     | Reached ****** piety under Okawaru
 26163 | D:14     | Received a gift from Okawaru
 26354 | D:14     | Reached XP level 15. HP: 113/113 MP: 19/21
 26666 | D:14     | Found a gate to the Vaults.
 27135 | D:13     | Received a gift from Okawaru
 27136 | D:13     | Got a distressingly furry buckler {god gift}
 27764 | D:15     | Reached skill level 10 in Throwing
 28148 | D:15     | Identified the +3 buckler of Mezcal {rElec MR+} (Okawaru
                  | gifted it to you on level 13 of the Dungeon)
 28161 | D:15     | Got a bone fustibalus
 28163 | D:15     | Identified the +8 fustibalus "Quytom" {velocity, rC+ SInv}
                  | (You found it on level 15 of the Dungeon)
 28718 | D:15     | Gained mutation: Your body often deteriorates upon taking
                  | damage. [a neqoxec]
 28893 | D:15     | Found a staircase to the Depths.
 28968 | D:15     | Reached skill level 15 in Fighting
 28988 | D:15     | HP: 3/174 [ogre mage/+0 spear (10)]
 28992 | D:15     | Slain by an ogre mage

Levels and vault maps discovered:
D:1:      dpeg_arrival_rooms_with_view, layout_loops_ring
D:2:      layout_loops_cross, xom_teletrap_fun, minmay_fountain_box,
          uniq_natasha
D:3:      layout_loops_cross
D:4:      layout_gridville, minmay_temple_entry_sparse_star, first_ration,
          st_stairs_7, corexii_leaking_fountain, uniq_grinder
D:5:      layout_rooms, grunt_decor_cap
D:6:      layout_gridville, lemuel_flame_loot_1
D:7:      layout_cave_pools, grunt_ministairs_9
D:8:      layout_rooms, hangedman_pestilent_swarm, minivault_4,
          palyth_stone_intersect, minmay_door_square, uniq_maurice,
          uniq_prince_ribbit1, uniq_harold
D:9:      layout_loops_corners, serial_shops, shop
D:10:     minmay_the_grid_plus_closed [minmay_the_grid_spikes,
          minmay_the_grid_tiny_cups, minmay_the_grid_doors,
          minmay_the_grid_tree, minmay_the_grid_prize_inner_circle],
          layout_gridville, serial_shops, shop, minivault_25_ag
D:11:     layout_cave_pods, dpeg_lair_monsters, zombieorc1_lemuel, uniq_erica,
          uniq_sonja
D:12:     layout_stronghold, serial_column_ruins, column_ruins_pillar_2,
          column_ruins_pillar_2, column_ruins_pillar_5, column_ruins_pillar_2,
          column_ruins_pillar_1, column_ruins_pillar_2, column_ruins_pillar_1,
          column_ruins_pillar_1, column_ruins_pillar_7, column_ruins_pillar_1,
          minmay_guarded_unrand_prune, uniq_snorg, uniq_erolcha
D:13:     layout_long_grid, nooodl_orcs_dogs
D:14:     layout_gridville, david_vaults_1, hex_medium, uniq_azrael, uniq_rupert
D:15:     grunt_enter_depths_magical_seal, layout_irregular_city,
          nrook_campfire, david_greed
Temple:   roderic_octagonal_lattice_temple
Lair:1:   layout_cave_pods, chequers_serial_rivers_micro_a, uniq_joseph
Lair:2:   layout_cave_pods, dummy_snake_entry, tgw_fedhas, lemuel_fruit_tree,
          uniq_gastronok
Lair:3:   layout_roguey, nicolae_swamp_entry_splash_gauntlet,
          minmay_lindwurm_lava
Lair:4:   layout_roguey, serial_forest, infiniplex_forest_zigzag_1,
          infiniplex_forest_clump_curved, infiniplex_forest_straight_3,
          infiniplex_forest_straight_2, infiniplex_forest_3_way,
          infiniplex_forest_clump_long, infiniplex_forest_lined_room_2,
          gauntlet_entry_generic, minmay_lair_oklob_chamber
Lair:5:   layout_long_grid, serial_bayou_shore_a
Lair:6:   minmay_lair_end_enchanted_forest, layout_loops_ring, slime_altar_1,
          cheibrodos_lair_lostbears

Skill      XL: |  1  2  3  4  5  6  7  8  9 10 11 12 13 14 15 |
---------------+----------------------------------------------+-----
Fighting       | 4 5 6 7 8 9 10 11 12 14 15 | 15.1
Dodging        | 3 4 5 7 9 11 | 11.0
Maces & Flails | 2 3 5 7 9 10 | 10.0
Invocations    | 2 4 5 6 7 |  7.0
Evocations     | 1 4 6 |  6.0
Throwing       | 1 6 7 9 10 | 10.9
Shields        | 3 5 7 8 |  8.2
Hexes          | 4 |  4.1
Spellcasting   | 4 |  4.0
Air Magic      | 3 |  3.0
Poison Magic   | 2 |  2.0
Conjurations   | 1 |  1.1
Short Blades   | |  3.0

Action                   |  1- 3 |  4- 6 |  7- 9 | 10-12 | 13-15 || total
-------------------------+-------+-------+-------+-------+-------++-------
Melee: Short sword       |    31 |       |       |       |       ||    31
       Constrict         |    18 |    38 |    62 |    79 |   116 ||   313
       Tentacles         |     9 |    40 |    48 |   143 |   242 ||   482
       Dagger            |    32 |   100 |       |       |       ||   132
       Flail             |       |    30 |   246 |   561 |       ||   837
       Punch             |       |       |     3 |    20 |    16 ||    39
       Morningstar       |       |       |       |    48 |   855 ||   903
Throw: Throwing net      |       |     2 |       |       |       ||     2
       Dart              |       |       |     5 |    18 |    10 ||    33
       Stone             |       |       |       |     3 |       ||     3
       Javelin           |       |       |       |     7 |    82 ||    89
Invok: Heroism           |       |       |    12 |    39 |    44 ||    95
       Finesse           |       |       |       |     2 |     1 ||     3
Evoke: Wand              |       |       |    21 |    36 |     3 ||    60
       Fan of gales      |       |       |       |     1 |       ||     1
       Phial of floods   |       |       |       |     1 |       ||     1
  Use: Scroll            |       |     5 |     6 |    17 |     4 ||    32
       Potion            |       |     5 |     3 |    12 |     5 ||    25
 Stab: Sleeping          |     5 |     5 |    10 |     8 |     5 ||    33
       Held in net/web   |       |       |       |       |     1 ||     1
       Distracted        |       |       |       |       |     1 ||     1
  Eat: Chunk             |     1 |     6 |    11 |    22 |    25 ||    65
       Ration            |       |     1 |       |     4 |     3 ||     8
Armor: Skin              |     4 |    13 |    48 |    42 |    67 ||   174
Dodge: Dodged            |    43 |    96 |   228 |   409 |   598 ||  1374
Block: Buckler           |       |       |       |    65 |   192 ||   257
       Reflection        |       |       |       |     1 |     3 ||     4
       Large shield      |       |       |       |       |   511 ||   511

Table legend:
 A = Non-vault XP
 B = Vault XP
 C = Vault XP percentage of total XP
 D = Non-vault monster count
 E = Vault monster count
 F = Vault count percentage of total count
                 A         B        C        D         E       F
            +---------+---------+-------+---------+---------+-------
      Total |   61679 |   49934 |  44.7 |     442 |     183 |  29.3
            +---------+---------+-------+---------+---------+-------
        D:1 |      57 |       3 |   5.0 |      27 |       2 |   6.9
        D:2 |     131 |      35 |  21.1 |      20 |       1 |   4.8
        D:3 |     134 |       0 |   0.0 |      22 |       0 |   0.0
        D:4 |     191 |     321 |  62.7 |      17 |       2 |  10.5
        D:5 |     411 |       0 |   0.0 |      19 |       0 |   0.0
        D:6 |     322 |       0 |   0.0 |       8 |       0 |   0.0
        D:7 |     628 |      30 |   4.6 |      21 |       2 |   8.7
        D:8 |    1693 |    2456 |  59.2 |      39 |       7 |  15.2
        D:9 |    1586 |       0 |   0.0 |      38 |       0 |   0.0
       D:10 |    1543 |    3009 |  66.1 |      19 |      14 |  42.4
       D:11 |     644 |    4317 |  87.0 |       7 |      36 |  83.7
       D:12 |    5459 |    6608 |  54.8 |      36 |       9 |  20.0
       D:13 |    6951 |    1062 |  13.3 |      29 |      12 |  29.3
       D:14 |    9241 |    6081 |  39.7 |      28 |      12 |  30.0
       D:15 |   15049 |    5561 |  27.0 |      32 |      11 |  25.6
     Lair:1 |    1665 |     493 |  22.8 |       8 |       1 |  11.1
     Lair:2 |    1499 |    2203 |  59.5 |       8 |       1 |  11.1
     Lair:3 |    3145 |    3251 |  50.8 |      17 |       9 |  34.6
     Lair:4 |    2576 |     595 |  18.8 |      10 |       3 |  23.1
     Lair:5 |    2753 |       0 |   0.0 |      14 |       0 |   0.0
     Lair:6 |    6001 |   10875 |  64.4 |      23 |      52 |  69.3
   Gauntlet |       0 |    3034 | 100.0 |       0 |       9 | 100.0
            +---------+---------+-------+---------+---------+-------
